 Dungeon Sprint DCSS version 0.19.5 (webtiles) character file.

2520 LORDOFBUTT the Bludgeoner (level 9, -9/51 HPs)
             Began as a Gargoyle Fighter on Mar 23, 2017.
             Was an Initiate of Gozag.
             Mangled by a catoblepas (23 damage)
             ... in the Dungeon (Sprint IX: "|||||||||||||||||||||||||||||").
             The game lasted 00:02:36 (649 turns).

LORDOFBUTT the Bludgeoner (Gargoyle Fighter)         Turns: 649, Time: 00:02:36

Health: -9/51      AC: 24    Str: 20    XL:     9   Next: 54%
Magic:  9/9        EV: 12    Int:  9    God:    Gozag
Gold:   831        SH: 13    Dex: 15    Spells: 0 memorised, 8 levels left

rFire  . . .     SeeInvis .     l - +1 mace (protect)
rCold  . . .     Gourm    .     s - +2 ring mail
rNeg   + . .     Faith    .     c - +0 shield
rPois  ∞         Spirit   .     (no helmet)
rElec  +         Reflect  .     u - +2 cloak
rCorr  .         Harm     .     (no gloves)
MR     .....     NoTele   +     t - +0 pair of boots
Stlth  +.........               (no amulet)
                                r - +3 ring of dexterity
                                q - +2 ring of evasion

@: protection aura
A: negative energy resistance 1, electricity resistance, unbreathing,
petrification resistance, rot immunity, AC +5
a: Potion Petition, Call Merchant, Bribe Branch, Renounce Religion


You were in the Dungeon.
You worshipped Gozag.
Gozag was pleased with you.
You were not hungry.

You visited 1 branch You collected 831 gold pieces.

Inventory:

Hand Weapons
 l - a +1 mace of protection (weapon)
Armour
 c - a +0 shield (worn)
 s - a +2 ring mail (worn)
 t - a +0 pair of boots (worn)
 u - a +2 cloak (worn)
Jewellery
 q - a +2 ring of evasion (left hand)
 r - a +3 ring of dexterity (right hand)
Wands
 p - a wand of lightning (7/15)
Scrolls
 a - a scroll of fog
 j - 2 scrolls of identify
 k - 2 scrolls of blinking
 n - 5 scrolls of remove curse
 o - 2 scrolls of amnesia
Potions
 b - a potion of berserk rage
 d - a potion of agility
 e - 5 potions of curing
 f - 2 potions of brilliance
 g - a potion of invisibility
 h - a potion of haste
 i - 4 potions of magic
 m - 3 potions of heal wounds


   Skills:
 - Level 3.2 Fighting
 * Level 16.5 Maces & Flails
 - Level 3.2 Armour
 + Level 13.5 Shields


You had 8 spell levels left.
You didn't know any spells.

Dungeon Overview and Level Annotations

Branches:
Dungeon (1/1)

Altars:
Cheibriados
Dithmenos
Elyvilon
Fedhas
Gozag
Hepliaklqana
Kikubaaqudgha
Makhleb
Nemelex Xobeh
Okawaru
Qazlal
Ru
Sif Muna
Trog
Uskayaw
Vehumet
Xom
Yredelemnul
Zin
The Shining One
Beogh
Jiyva
Lugonu


Innate Abilities, Weirdness & Mutations

You are resistant to torment.
Your stone body is resilient. (AC +5)
You are immune to poison.
You resist negative energy. (rN+)
You are resistant to electric shocks. (rElec)
You can survive without breathing.
You are immune to petrification.
You are immune to rotting.


Message History

The catoblepas gores you but does no damage.
You hit the catoblepas.
The catoblepas is severely wounded.
The hippogriff is no longer distracted by gold.
You hit the catoblepas but do no damage.
The catoblepas is severely wounded.
The catoblepas breathes a plume of calcifying dust at you.
The blast of calcifying dust hits you!
You hit the catoblepas but do no damage.
The catoblepas is severely wounded.
The hippogriff is no longer petrified.
The catoblepas gores you!!
* * * LOW HITPOINT WARNING * * *
You are too injured to fight recklessly!
You are too injured to fight recklessly!
You are too injured to fight recklessly!
You hit the catoblepas.
The catoblepas is severely wounded.
The catoblepas gores you!!
You die...
Your body crumbles into a pile of gold.

$ ▓.▓_▓
$
▓.▓.▓_▓
$
▓H▓.▓_▓
▓F▓.▓_▓
$
▓l▓.▓_▓
$
▓F▓.▓_▓
$
▓H▓.▓_▓
$
▓Y▓.▓_▓
$
▓@▓.▓_▓
$
▓§▓.▓_▓
$
▓§▓.▓_▓
$
▓§▓.▓_▓
$
▓.▓.▓_▓
$
▓.▓.▓_▓
$
▓.▓.▓'▓
$
▓.▓.▓.▓
$
▓)▓.▓.▓


You could see a catoblepas, a komodo dragon, 2 hippogriffs and 2 spiny frogs.

Vanquished Creatures
  A centaur warrior (D)
  A hill giant (D)
  A spiny frog (D)
  A kobold demonologist (D)
  A hippogriff (D)
  A hungry ghost (D)
  A porcupine (D)
  2 centaurs (D)
  2 bullfrogs (D)
  A scorpion (D)
  A wight (D)
  2 iguanas (D)
  A worker ant (D)
  2 adders (D)
  A shadow imp (D)
  A ball python (D)
  A bat zombie (D)
  A goblin (D)
  A kobold (D)
  A bat (D)
  A rat (D)
25 creatures vanquished.

Notes
Turn   | Place    | Note
-------+----------+-------------------------------------------
     0 | D        | LORDOFBUTT the Gargoyle Fighter began the quest for the Orb.
     0 | D        | Reached XP level 1. HP: 14/14 MP: 1/1
    11 | D        | Reached skill level 3 in Maces & Flails
    47 | D        | Noticed an iguana
    47 | D        | Noticed a worker ant
    47 | D        | Noticed a centaur
    55 | D        | Reached XP level 2. HP: 15/19 MP: 2/2
    71 | D        | Killed a centaur
    71 | D        | Reached skill level 7 in Maces & Flails
    71 | D        | Reached XP level 3. HP: 20/23 MP: 3/3
    71 | D        | Reached XP level 4. HP: 25/28 MP: 4/4
    82 | D        | Reached skill level 8 in Maces & Flails
    82 | D        | Reached XP level 5. HP: 27/32 MP: 5/5
   108 | D        | Found a roughly hewn altar of Beogh.
   108 | D        | Found a snail-covered altar of Cheibriados.
   108 | D        | Found a shadowy altar of Dithmenos.
   108 | D        | Found a white marble altar of Elyvilon.
   108 | D        | Found a blossoming altar of Fedhas.
   108 | D        | Found an opulent altar of Gozag.
   109 | D        | Found a hazy altar of Hepliaklqana.
   110 | D        | Found a viscous altar of Jiyva.
   111 | D        | Found an ancient bone altar of Kikubaaqudgha.
   112 | D        | Found a corrupted altar of Lugonu.
   113 | D        | Found a burning altar of Makhleb.
   114 | D        | Found a sparkling altar of Nemelex Xobeh.
   115 | D        | Found an iron altar of Okawaru.
   116 | D        | Found a stormy altar of Qazlal.
   122 | D        | Became a worshipper of Gozag Ym Sagoz the Greedy
   124 | D        | Found a sacrificial altar of Ru.
   125 | D        | Found a deep blue altar of Sif Muna.
   126 | D        | Found a bloodstained altar of Trog.
   127 | D        | Found a hide-covered altar of Uskayaw.
   128 | D        | Found a radiant altar of Vehumet.
   129 | D        | Found a shimmering altar of Xom.
   130 | D        | Found a basalt altar of Yredelemnul.
   131 | D        | Found a glowing silver altar of Zin.
   132 | D        | Found a glowing golden altar of the Shining One.
   205 | D        | Noticed a centaur
   205 | D        | Noticed a hill giant
   211 | D        | Reached skill level 9 in Maces & Flails
   219 | D        | Killed a hill giant
   219 | D        | Reached skill level 12 in Maces & Flails
   219 | D        | Reached skill level 10 in Shields
   219 | D        | Reached XP level 6. HP: 14/37 MP: 6/6
   219 | D        | Reached XP level 7. HP: 15/41 MP: 7/7
   224 | D        | Reached skill level 13 in Maces & Flails
   423 | D        | Noticed a hungry ghost
   423 | D        | Noticed a centaur warrior
   423 | D        | Noticed a kobold demonologist
   428 | D        | Killed a kobold demonologist
   428 | D        | Reached skill level 14 in Maces & Flails
   428 | D        | Reached XP level 8. HP: 46/46 MP: 8/8
   437 | D        | Killed a centaur warrior
   437 | D        | Reached skill level 15 in Maces & Flails
   437 | D        | Reached XP level 9. HP: 51/51 MP: 9/9
   598 | D        | Noticed a komodo dragon
   598 | D        | Noticed a spiny frog
   598 | D        | Noticed a spiny frog
   603 | D        | Noticed a spiny frog
   609 | D        | Noticed a catoblepas
   610 | D        | Reached skill level 16 in Maces & Flails
   627 | D        | Killed a spiny frog
   649 | D        | Mangled by a catoblepas

Skill      XL: |  1  2  3  4  5  6  7  8  9 |
---------------+----------------------------+-----
Maces & Flails | 3 7 8 12 14 15 16 | 16.5
Shields        | 4 6 10 11 12 13 | 13.5
Fighting       | |  3.2
Armour         | |  3.2

Action                   |  1- 3 |  4- 6 |  7- 9 || total
-------------------------+-------+-------+-------++-------
Melee: Flail             |    44 |    29 |    49 ||   122
       Mace              |       |       |    48 ||    48
  Use: Potion            |     1 |     1 |     2 ||     4
       Scroll            |       |       |     2 ||     2
 Stab: Petrified         |       |       |     4 ||     4
       Distracted        |       |       |     1 ||     1
  Eat: Bread ration      |       |       |     1 ||     1
Armor: Scale mail        |    25 |     4 |       ||    29
       Ring mail         |       |     2 |    27 ||    29
Dodge: Dodged            |    24 |     5 |    14 ||    43
Block: Shield            |    33 |    12 |    37 ||    82
